cohdb
Replays
Latest Replays
All Replays
Popular Replays
Top Player Replays
Match Explorer
How It Works
Community
CoH3 Stats
Reddit
Sign in to upload your games and track your stats! →
Sign in with Steam
Match 45455357
Unlisted
Match 45455357
Overview
Messages
Build Orders
End
Kettenkrad Recon Vehicle
Construct Infanterie Kompanie
Selects Terror Battlegroup
Selects Machine Gun Camouflage
MG 42 Machine Gun Team
MG 42 Machine Gun Team
MG 42 Machine Gun Team
MG 42 Machine Gun Team
Selects Contempt for the Weak
MG 42 Machine Gun Team
Construct Panzergrenadier Kompanie
Medical Station
MG 42 Machine Gun Team
Construct Panzer Kompanie
Pak 40 Anti-tank Gun Team
Pak 40 Anti-tank Gun Team
Selects No Quarter
Panzer IV Medium Tank
Panzer IV Medium Tank
MG 42 Machine Gun Team
Selects Propaganda Leaflet Drop
Panzer IV Medium Tank
Propaganda Leaflet Drop
Pioneer Squad
Panzer IV Medium Tank
Panzer Officer Quarters
Selects V1 Rocket Strike
Pioneer Squad
Side Skirts
Propaganda Leaflet Drop
金丝猴
KevinTDW
0
0
Comments
sign in to comment!
No comments posted yet!